 Dungeon Crawl Stone Soup version 0.29.1-1-gd02db6906a (webtiles) character file.

Game seed: 6235489342982678701

30427 ToffieWolf the Severer (level 13, -7/114 HPs)
             Began as a Minotaur Berserker on Oct 12, 2022.
             Was an Elder of Trog.
             Mangled by an 11-headed hydra (8 damage)
             ... on level 2 of the Lair of Beasts.
             The game lasted 00:53:25 (20028 turns).

ToffieWolf the Severer (Minotaur Berserker)        Turns: 20028, Time: 00:53:25

Health: -7/114     AC: 19    Str: 27    XL:     13   Next: 20%
Magic:  4/4        EV:  7    Int:  4    God:    Trog [****..]
Gold:   1212       SH: 16    Dex: 10    Spells: 12/12 levels left

rFire   + . .      SeeInvis .   Y - +0 broad axe (antimagic)
rCold   . . .      Faith    .   P - +0 kite shield
rNeg    . . .      Spirit   .   R - +0 plate armour
rPois   .          Reflect  +   L - +1 hat {Will+}
rElec   .          Harm     .   o - +0 cloak
rCorr   .          Rampage  .   (no gloves)
Will    +....                   W - +0 pair of boots
Stlth   ..........              u - amulet of reflection
HPRegen 0.29/turn               l - ring of protection from fire
MPRegen 0.09/turn               f - +4 ring of slaying

@: no status effects
A: horns 2, retaliatory headbutt, screaming 1
a: Renounce Religion, Berserk, Trog's Hand, Brothers in Arms


You were on level 2 of the Lair of Beasts.
You worshipped Trog.
Trog was greatly pleased with you.
You visited 3 branches of the dungeon, and saw 15 of its levels.
You also visited: Bailey.

You collected 2364 gold pieces.
You spent 1152 gold pieces at shops.

Inventory:

Hand Weapons
 J - a +4 dire flail of protection
 Y - a +0 antimagic broad axe (weapon)
Missiles
 h - 11 silver javelins (quivered)
 C - 73 stones
Armour
 o - a +0 cloak (worn)
 L - a +1 hat of willpower (worn)
 P - a +0 kite shield (worn)
 R - a +0 plate armour (worn)
 W - a +0 pair of boots (worn)
Jewellery
 d - a ring of see invisible
 f - a +4 ring of slaying (right hand)
 l - a ring of protection from fire (left hand)
 u - an amulet of reflection (around neck)
 v - a +6 ring of intelligence
 B - a ring of protection from cold
Wands
 j - a wand of charming (4)
 x - a wand of flame (15)
 E - a wand of mindburst (9)
 G - a wand of roots (7)
Scrolls
 c - 2 scrolls of immolation
 e - 2 scrolls of fear
 g - 3 scrolls of enchant weapon
 m - 2 scrolls of blinking
 q - 4 scrolls of teleportation
 r - 5 scrolls of amnesia
 s - 4 scrolls of butterflies
 w - 4 scrolls of poison {unknown}
 y - 2 scrolls of enchant armour {unknown}
 A - 2 scrolls of magic mapping {unknown}
 D - 2 scrolls of summoning {unknown}
 K - 4 scrolls of torment {unknown}
 T - 2 scrolls of brand weapon {unknown}
 U - a scroll of vulnerability {unknown}
Potions
 a - 2 potions of resistance
 b - a potion of lignification {unknown}
 i - 2 potions of flight
 k - 13 potions of curing
 n - 2 potions of degeneration {unknown}
 p - 2 potions of brilliance
 t - a potion of magic {unknown}
 z - 3 potions of ambrosia
 F - a potion of cancellation {unknown}
 H - 5 potions of heal wounds
 I - a potion of attraction {unknown}
 M - a potion of haste {unknown}
Miscellaneous
 O - a phantom mirror
 Q - a tin of tremorstones (2/2)


   Skills:
 + Level 10.5 Fighting
 * Level 18.4 Axes
 + Level 2.5 Throwing
 + Level 11.7 Armour
 - Level 2.1 Dodging
 * Level 12.5 Shields


You had 12 spell levels left.
You didn't know any spells.
Your spell library was empty.

Dungeon Overview and Level Annotations

Branches:
Dungeon (11/15)            Temple (0/1) D:4            Lair (2/5) D:11
 Shoals (0/4) Lair:2          Orc (2/2) D:9             Elf (0/3) Orc:2
 Bailey (visited)
  Snake: Lair:2-3    Spider: Lair:2-3

Altars:
Kikubaaqudgha
Nemelex Xobeh
Sif Muna
Trog
Yredelemnul

Shops:
Orc:1 =   Orc:2 *(!*

Annotations:
Orc:1 2 transporters, Rygut's ghost, journeyman DrFi


Innate Abilities, Weirdness & Mutations

You have a pair of horns on your head.
You reflexively headbutt those who attack you in melee.
You occasionally shout uncontrollably at your foes.


Message History

The 11-headed hydra bites you! x2
The 11-headed hydra bites you but does no damage.
The 11-headed hydra bites you. The yak gores you!
You can't wield that with only one hand.
The 11-headed hydra bites you.
Keep disrobing? [Y]es or [N]o only, please.
Keep disrobing?
The 11-headed hydra bites you.
The 11-headed hydra bites you but does no damage.
The 11-headed hydra bites you.
* * * LOW HITPOINT WARNING * * *
The 11-headed hydra bites you.
* * * LOW HITPOINT WARNING * * *
The 11-headed hydra bites you.
* * * LOW HITPOINT WARNING * * *
The 11-headed hydra bites you.
* * * LOW HITPOINT WARNING * * *
You block the 11-headed hydra's attack.
The 11-headed hydra bites you but does no damage. x2
You block the 11-headed hydra's attack. You block the yak's attack.
You start removing your armour.
You continue taking off your +0 kite shield.
You block the yak's attack. The 11-headed hydra bites you.
* * * LOW HITPOINT WARNING * * *
You block the 11-headed hydra's attack.
The 11-headed hydra bites you but does no damage.
The 11-headed hydra bites you!
* * * LOW HITPOINT WARNING * * *
The 11-headed hydra bites you but does no damage.
The 11-headed hydra bites you!
* * * LOW HITPOINT WARNING * * *
You block the 11-headed hydra's attack. x2
The 11-headed hydra bites you but does no damage. x3
The yak gores you but does no damage.
You continue taking off your +0 kite shield.
You block the 11-headed hydra's attack. x2
The 11-headed hydra bites you but does no damage. x2
The 11-headed hydra barely misses you. The 11-headed hydra bites you!
You die...

#...... .......
#...... ...)...
.......
......YY### ## #
......YD#.##.###.#
......YY@.........
........Y.........
..................
#...........(.....
#................
.#.>..............
#.......#..#####.#
#.>.....#### #
#.......#


You could see a 11-headed hydra and 6 yaks.

Vanquished Creatures
  Jorgrun (Orc:2)
  Gastronok (D:8)
  Nessos (Orc:2)
  2 ettins
  2 two-headed ogres
  2 orc high priests (Orc:2)
  Urug (Orc:1)
  Lodul (D:10)
  3 orc knights (Bailey)
  Pikel (D:6)
  8 orc sorcerers
  A manticore (Lair:2)
  An ugly thing (D:11)
  Joseph (D:8)
  A gargoyle (D:11)
  A cane toad (Lair:2)
  Psyche (D:8)
  A rime drake (Lair:1)
  4 trolls
  A hornet (D:8)
  A wind drake (Lair:2)
  Grinder (D:6)
  2 shadows
  A wraith (D:11)
  2 wyverns
  Grum (Lair:1)
  20 yaks
  A basilisk (Lair:2)
  A steam dragon (D:10)
  10 wargs
  Edmund (D:4)
  2 water moccasins (Lair:1)
  Duvessa (D:7)
  An ice beast (D:8)
  25 orc warriors
  3 black bears (D:6)
  2 wolves (Lair:1)
  10 ogres
  3 phantoms
  2 centaurs
  3 kobold brigands
  4 bullfrogs
  3 scorpions
  A gnoll sergeant (D:9)
  10 wights
  Dowan (D:7)
  6 killer bees
  3 hounds
  2 jellies
  14 orc priests
  A gnoll bouda (Orc:2)
  Crazy Yiuf (D:6)
  2 iguanas (D:5)
  44 orc wizards
  16 gnolls
  4 adders
  2 river rats (D:4)
  3 shadow imps
  A white imp (D:8)
  2 ufetubi
  A worm (D:3)
  A dart slug (D:3)
  120 orcs
  4 ball pythons
  8 bats
  2 endoplasms
  2 giant cockroaches
  53 goblins
  27 hobgoblins
  4 jackals
  3 quokkas
  6 frilled lizards
  20 kobolds
  10 rats
509 creatures vanquished.

Vanquished Creatures (others)
  Erolcha (D:10)
  A troll (D:10)
  An orc wizard (Orc:2)
  A fungus (Lair:2)
  5 plants
9 creatures vanquished.

Grand Total: 518 creatures vanquished

Notes
Turn   | Place    | Note
-------+----------+-------------------------------------------
     0 | D:1      | ToffieWolf the Minotaur Berserker began the quest for the
                  | Orb.
     0 | D:1      | Reached XP level 1. HP: 19/19 MP: 0/0
   220 | D:1      | Reached skill level 4 in Axes
   220 | D:1      | Reached XP level 2. HP: 27/27 MP: 1/1
   933 | D:2      | Found a faded altar of an unknown god.
   973 | D:2      | Found a basalt altar of Yredelemnul.
  1014 | D:2      | Reached XP level 3. HP: 33/33 MP: 2/2
  1014 | D:2      | Reached ** piety under Trog
  1845 | D:3      | Reached skill level 1 in Shields
  1892 | D:3      | Reached XP level 4. HP: 40/40 MP: 3/3
  1954 | D:3      | Reached skill level 5 in Axes
  2056 | D:3      | Reached *** piety under Trog
  2497 | D:3      | Reached XP level 5. HP: 47/47 MP: 4/4
  2933 | D:4      | Found a staircase to the Ecumenical Temple.
  3218 | D:4      | Reached skill level 6 in Axes
  3449 | D:4      | Reached XP level 6. HP: 53/53 MP: 5/5
  3453 | D:4      | Reached **** piety under Trog
  3813 | D:4      | Reached skill level 7 in Axes
  4428 | D:4      | Found a shimmering blue altar of Sif Muna.
  4428 | D:4      | Found a basalt altar of Yredelemnul.
  4552 | D:4      | Found an ancient bone altar of Kikubaaqudgha.
  4553 | D:4      | Found a sparkling altar of Nemelex Xobeh.
  4856 | D:4      | Noticed Edmund
  4874 | D:4      | Killed Edmund
  4875 | D:4      | Reached XP level 7. HP: 42/60 MP: 6/6
  5070 | D:5      | Entered Level 5 of the Dungeon
  5136 | D:5      | Reached skill level 8 in Axes
  5181 | D:5      | Reached skill level 5 in Fighting
  5336 | D:5      | Reached skill level 5 in Armour
  5956 | D:6      | Noticed Pikel
  5968 | D:6      | Killed Pikel
  5969 | D:6      | Reached skill level 9 in Axes
  5969 | D:6      | Reached skill level 1 in Throwing
  5969 | D:6      | Reached XP level 8. HP: 44/68 MP: 7/7
  5971 | D:6      | Reached skill level 10 in Axes
  7001 | D:6      | Noticed Grinder
  7009 | D:6      | Killed Grinder
  7010 | D:6      | Reached XP level 9. HP: 74/74 MP: 8/8
  7075 | D:6      | Reached skill level 11 in Axes
  7131 | D:6      | Reached skill level 5 in Shields
  7751 | D:6      | Found a runed translucent door.
  7752 | D:6      | Noticed Crazy Yiuf
  7818 | D:6      | Killed Crazy Yiuf
  8145 | D:7      | Found a flagged portal.
  8198 | Bailey   | Entered a bailey
  8416 | Bailey   | Noticed an orc knight
  8567 | Bailey   | Killed an orc knight
  8568 | Bailey   | Reached skill level 12 in Axes
  8815 | Bailey   | Noticed an orc knight
  9130 | Bailey   | Noticed an orc knight
  9139 | Bailey   | Killed an orc knight
  9150 | Bailey   | Killed an orc knight
  9151 | Bailey   | Reached XP level 10. HP: 6/84 MP: 9/9
  9758 | D:7      | Noticed Dowan
  9758 | D:7      | Noticed Duvessa
  9770 | D:7      | Killed Duvessa
  9782 | D:7      | Killed Dowan
 10618 | D:8      | Noticed Joseph
 10627 | D:8      | Killed Joseph
 10628 | D:8      | Reached skill level 13 in Axes
 10718 | D:8      | Noticed Gastronok
 10734 | D:8      | Killed Gastronok
 10949 | D:8      | Noticed Psyche
 10963 | D:8      | Killed Psyche
 11166 | D:8      | Reached skill level 14 in Axes
 11603 | D:9      | Noticed a two-headed ogre
 11614 | D:9      | Killed a two-headed ogre
 12041 | D:9      | Found a staircase to the Orcish Mines.
 12054 | D:9      | Reached XP level 11. HP: 82/94 MP: 10/10
 12799 | D:10     | Entered Level 10 of the Dungeon
 12921 | D:10     | Noticed Lodul
 12943 | D:10     | Reached skill level 15 in Axes
 12943 | D:10     | Killed Lodul
 12946 | D:10     | Reached skill level 10 in Armour
 13143 | D:10     | Noticed Erolcha
 13155 | D:10     | Killed Erolcha
 13998 | D:11     | Found a staircase to the Lair.
 14456 | D:11     | Noticed a two-headed ogre
 14465 | D:11     | Killed a two-headed ogre
 14472 | D:11     | Reached skill level 16 in Axes
 14635 | D:11     | Noticed a purple ugly thing
 14643 | D:11     | Killed a purple ugly thing
 15492 | Orc:1    | Entered Level 1 of the Orcish Mines
 15492 | Orc:1    | Noticed an orc knight
 15492 | Orc:1    | Found a transporter.
 15502 | Orc:1    | Noticed Urug
 15521 | Orc:1    | Killed Urug
 15522 | Orc:1    | Reached skill level 10 in Shields
 15522 | Orc:1    | Reached XP level 12. HP: 64/104 MP: 0/11
 15757 | Orc:1    | Noticed Rygut's ghost (journeyman DrFi)
 15798 | Orc:1    | Found a bloodstained altar of Trog.
 15808 | Orc:1    | Noticed an orc warlord
 15881 | Orc:1    | Found Kibrokh's Jewellery Shoppe.
 16399 | Orc:1    | Noticed an ettin
 16410 | Orc:1    | Killed an ettin
 16759 | Orc:1    | Found a transporter.
 16894 | Orc:2    | Entered Level 2 of the Orcish Mines
 16897 | Orc:2    | Noticed an ettin
 16910 | Orc:2    | Killed an ettin
 17004 | Orc:2    | Noticed Jorgrun
 17027 | Orc:2    | Killed Jorgrun
 17028 | Orc:2    | Reached skill level 17 in Axes
 17091 | Orc:2    | Noticed an orc high priest
 17103 | Orc:2    | Killed an orc high priest
 17252 | Orc:2    | Found a staircase to the Elven Halls.
 17549 | Orc:2    | Reached skill level 10 in Fighting
 17565 | Orc:2    | Gained mutation: You occasionally shout uncontrollably at
                  | your foes. [a neqoxec]
 18044 | Orc:2    | Found Zooxoc's General Store.
 18044 | Orc:2    | Found Cugruam's Distillery.
 18048 | Orc:2    | Noticed Nessos
 18056 | Orc:2    | Noticed an orc high priest
 18064 | Orc:2    | Killed Nessos
 18065 | Orc:2    | Reached skill level 18 in Axes
 18080 | Orc:2    | Killed an orc high priest
 18091 | Orc:2    | Reached XP level 13. HP: 49/111 MP: 4/12
 18398 | Orc:2    | Found Nyxzimu's General Store.
 18398 | Orc:2    | Found Voickov's Weapon Shop.
 18524 | Orc:1    | Bought a +4 ring of slaying for 1092 gold pieces
 18689 | Lair:1   | Entered Level 1 of the Lair of Beasts
 18910 | Orc:2    | Bought a scroll of identify for 28 gold pieces
 18959 | Orc:2    | Bought a scroll of identify for 32 gold pieces
 19474 | Lair:1   | Noticed Grum
 19481 | Lair:1   | Killed Grum
 20001 | Lair:2   | Found a staircase to the Shoals.
 20027 | Lair:2   | HP: 1/114 [11-headed hydra (9)]
 20028 | Lair:2   | Mangled by an 11-headed hydra

Illustrated notes

Levels and vault maps discovered:
D:1:      dpeg_arrival_solitude, layout_basic, nrook_loot_triangle,
          minmay_stone_trees_small
D:2:      layout_loops_ring, basic_altar,
          shapermc_ecumenical_altar_mp_urbaneastern
D:3:      cheibrodos_greedy_goblins, layout_loops_cross, st_stairs_7
D:4:      minmay_goblin_kobold_castle, layout_basic, minitemple,
          minmay_temple_entry_trees, gup_sewer_entry_bowl, serial_park_tiny_1,
          uniq_edmund
D:5:      layout_loops_ring
D:6:      layout_loops_ring, minivault_11, minmay_door_square, uniq_grinder,
          uniq_crazy_yiuf_cottage, uniq_pikel
D:7:      layout_basic, enter_bailey_3, serial_glass, glass_columns_a,
          glass_columns_a, minmay_misc_feat_roman, uniq_duvessa
D:8:      layout_basic, uniq_psyche, uniq_joseph, uniq_gastronok
D:9:      layout_basic, nicolae_overflow_hidden_temple, david_orc_5
D:10:     layout_basic, uniq_lodul, uniq_erolcha
D:11:     layout_irregular_city, erik_lair_orcish_takeover
Lair:1:   layout_gridlike, grunt_megastairs_2, uniq_grum
Lair:2:   layout_big_grid, minmay_shoals_entry_beasts, spider_nest_entry_webs,
          lemuel_fruit_fields
Orc:1:    layout_caves, gammafunk_ghost_wrathful_warriors, serial_shops, shop,
          uniq_urug
Orc:2:    st_orc_town, layout_caves, kennysheep_orc_chapel, uniq_nessos,
          uniq_jorgrun

Skill      XL: |  1  2  3  4  5  6  7  8  9 10 11 12 |
---------------+-------------------------------------+-----
Axes           | 4 5 6 7 9 10 12 14 16 18 | 18.4
Fighting       | 4 5 6 8 9 10 | 10.5
Armour         | 3 4 6 8 9 10 11 | 11.7
Shields        | 1 2 4 6 7 10 12 | 12.5
Throwing       | 1 2 |  2.5
Dodging        | |  2.1

Action                   |  1- 3 |  4- 6 |  7- 9 | 10-12 | 13-15 || total
-------------------------+-------+-------+-------+-------+-------++-------
Melee: Hand axe          |   100 |    60 |       |       |       ||   160
       Headbutt          |    11 |    34 |    40 |   137 |    15 ||   237
       War axe           |       |   160 |   206 |   406 |       ||   772
       Punch             |       |     2 |     3 |     2 |       ||     7
       Broad axe         |       |       |       |   295 |    76 ||   371
Throw: Stone             |    38 |    11 |    32 |       |       ||    81
       Javelin           |       |       |     3 |       |       ||     3
Invok: Berserk           |       |     4 |     8 |    19 |     1 ||    32
       Trog's Hand       |       |     3 |     8 |    35 |     2 ||    48
  Use: Scroll            |     3 |     1 |     3 |     6 |     3 ||    16
Armor: Ring mail         |    31 |       |       |       |       ||    31
       Chain mail        |     9 |   147 |    90 |    63 |       ||   309
       Plate armour      |       |       |       |   139 |    56 ||   195
Dodge: Dodged            |    52 |   102 |    80 |   129 |    14 ||   377
Block: Other             |       |       |       |    18 |       ||    18
       Kite shield       |       |       |       |   402 |    63 ||   465
       Reflection        |       |       |       |    15 |     1 ||    16
